 Dungeon Crawl Stone Soup version 0.20.1-1-g8b1a95d66d (webtiles) character file.

681 Rrauwl the Spear-Bearer (level 7, 0/45 HPs)
             Began as a Merfolk Gladiator on Jan 1, 2018.
             Was an Initiate of Hepliaklqana.
             Slain by a big kobold
             ... wielding a +0 club
              (3 damage)
             ... on level 5 of the Dungeon.
             The game lasted 00:12:45 (3118 turns).

Rrauwl the Spear-Bearer (Merfolk Gladiator)         Turns: 3118, Time: 00:12:47

Health: 0/45       AC:  5    Str: 15    XL:     7   Next: 61%
Magic:  7/7        EV: 23    Int:  9    God:    Hepliaklqana [......]
Gold:   158        SH:  0    Dex: 15    Spells: 6/6 levels left

rFire    . . .     SeeInvis .   l - -3 spear (curse)
rCold    . . .     Gourm    .   (no shield)
rNeg     . . .     Faith    .   b - +0 leather armour
rPois    .         Spirit   .   c - +0 helmet
rElec    .         Reflect  .   h - +0 cloak
rCorr    .         Harm     .   (no gloves)
MR       .....                  (no boots)
Stlth    ..........             (no amulet)
Regen    0.2/turn               k - +3 ring of slaying
MPRegen  0.1/turn               p - +6 ring of evasion

@: silence
A: change form in water, swift swim, stealthy swim, reduced essence
a: Renounce Religion


You were on level 5 of the Dungeon.
You worshipped Hepliaklqana.
Hepliaklqana was noncommittal.
You were not hungry.

You visited 2 branches of the dungeon, and saw 6 of its levels.

You collected 158 gold pieces.

Inventory:

Hand Weapons
 a - a +0 trident
 d - a +1 scythe of freezing
 l - a cursed -3 spear (weapon)
Armour
 b - a +0 leather armour (worn)
 c - a +0 helmet (worn)
 h - a +0 cloak (worn)
Magical Staves
 r - a cursed staff of summoning {unknown}
Jewellery
 k - a +3 ring of slaying (left hand)
 n - a +3 ring of strength
 p - a +6 ring of evasion (right hand)
 s - an uncursed ring of positive energy
Scrolls
 e - a scroll of fear
 j - 2 scrolls of fog
 m - 4 scrolls of identify
 o - 2 scrolls of recharging
 q - 2 scrolls of magic mapping
Comestibles
 f - 2 bread rations
 i - 2 royal jellies
 t - a meat ration


   Skills:
 - Level 2.1 Fighting
 + Level 9.2 Polearms
 - Level 2.0 Throwing
 + Level 8.5 Dodging


You had 6 spell levels left.
You didn't know any spells.

Dungeon Overview and Level Annotations

Branches:
Dungeon (5/15)             Temple (1/1) D:4

Altars:
Ashenzari
Cheibriados
Elyvilon
Fedhas
Hepliaklqana
Kikubaaqudgha
Makhleb
Nemelex Xobeh
Qazlal
Ru
Trog
Uskayaw
Vehumet
Xom
Yredelemnul

Annotations:
D:5 Menkaure


Message History

You closely miss the big kobold.
The big kobold is severely wounded.
The big kobold closely misses you.
You closely miss the big kobold.
The big kobold is severely wounded.
The big kobold closely misses you. The kobold hits you with a dagger.
* * * LOW HITPOINT WARNING * * *
You hit the big kobold.
The big kobold is almost dead.
The big kobold hits you but does no damage.
The big kobold completely misses you. The kobold misses you.
You closely miss the big kobold.
The big kobold is almost dead.
You closely miss the big kobold.
The big kobold is almost dead.
Menkaure calls on the powers of darkness!
The big kobold convulses! x2; You feel a surge of unholy energy.
The big kobold misses you. The kobold misses you.
The big kobold hits you with a club.
You die...

#.###)## #≈≈≈##).# #..... #.#
#..###≈≈≈≈#..# #..... #.#
##....≈≈≈##..# ##..... #.#
#####≈≈≈#..## ######....<. #.#
#..≈##5K# ............ #.#
#.#≈#gK## #######..... #..
##.#.#MK# ..< ##...(. ##.#
#..#.#KK# #.##<..... #..
#....#K@# #...<###.#
####..####.####### ###.......
...........# #.......
#.........## ##.÷.....
#.###.##...# #........
#.####.####### #........
#####..###.......# #####........
#..........#####.###.........###
#..........# #.............#


You could see 2 big kobolds, Menkaure, a crimson imp, a hobgoblin and 4 kobolds.

Vanquished Creatures
  Duvessa (D:5)
  A howler monkey (D:4)
  2 crimson imps
  2 worker ants (D:4)
  A hound skeleton (D:4)
  7 adders
  2 oozes (D:2)
  2 worms
  A dart slug (D:2)
  A leopard gecko (D:3)
  4 orcs
  3 ball pythons
  4 giant cockroaches
  2 goblins
  7 hobgoblins
  3 jackals (D:1)
  A quokka (D:5)
  9 bats
  4 frilled lizards
  10 kobolds
  4 rats
71 creatures vanquished.

Vanquished Creatures (collateral kills)
  Sigmund (D:5)
  Dowan (D:5)
  A centaur zombie (D:5)
  A leopard gecko (D:5)
  An orc (D:5)
  2 kobolds (D:5)
7 creatures vanquished.

Vanquished Creatures (others)
  A scorpion (D:4)
  An orc wizard (D:5)
  A worker ant (D:4)
  An ancestor (D:5)
  2 adders (D:4)
  An orc (D:4)
  A ball python (D:4)
  A frilled lizard (D:4)
9 creatures vanquished.

Grand Total: 87 creatures vanquished

Notes
Turn   | Place    | Note
-------+----------+-------------------------------------------
     0 | D:1      | Rrauwl the Merfolk Gladiator began the quest for the Orb.
     0 | D:1      | Reached XP level 1. HP: 16/16 MP: 1/1
   154 | D:1      | Reached XP level 2. HP: 20/22 MP: 2/2
   411 | D:1      | Reached skill level 5 in Polearms
   645 | D:2      | Reached XP level 3. HP: 27/27 MP: 3/3
   651 | D:2      | Reached skill level 5 in Dodging
   716 | D:2      | Found a basalt altar of Yredelemnul.
   853 | D:2      | Reached XP level 4. HP: 33/33 MP: 4/4
  1143 | D:3      | Reached skill level 6 in Polearms
  1173 | D:3      | Found a shattered altar of Ashenzari.
  1435 | D:3      | Found a blossoming altar of Fedhas.
  1538 | D:3      | Found a snail-covered altar of Cheibriados.
  1547 | D:3      | Found a burning altar of Makhleb.
  1586 | D:3      | Found a radiant altar of Vehumet.
  1906 | D:3      | Reached XP level 5. HP: 33/38 MP: 5/5
  2094 | D:4      | Found a shimmering altar of Xom.
  2122 | D:4      | Reached skill level 7 in Polearms
  2207 | D:4      | Reached XP level 6. HP: 34/44 MP: 6/6
  2362 | D:4      | Found a staircase to the Ecumenical Temple.
  2371 | Temple   | Entered the Ecumenical Temple
  2490 | Temple   | Became a worshipper of Hepliaklqana the Forgotten
  2731 | D:5      | Entered Level 5 of the Dungeon
  2953 | D:5      | Noticed Sigmund
  2976 | D:5      | Noticed Duvessa
  2991 | D:5      | Killed Sigmund
  2991 | D:5      | Reached skill level 8 in Polearms
  2991 | D:5      | Reached XP level 7. HP: 45/45 MP: 7/7
  2992 | D:5      | Noticed Dowan
  3015 | D:5      | Killed Duvessa
  3015 | D:5      | Reached skill level 9 in Polearms
  3032 | D:5      | Killed Dowan
  3040 | D:5      | Noticed Menkaure
  3118 | D:5      | Slain by a big kobold

Skill      XL: |  1  2  3  4  5  6  7 |
---------------+----------------------+-----
Polearms       | 5 6 7 8 9 |  9.2
Dodging        | 5 6 7 8 |  8.5
Fighting       | |  2.1
Throwing       | |  2.0

Action                   |  1- 3 |  4- 6 |  7- 9 || total
-------------------------+-------+-------+-------++-------
Melee: Trident           |    77 |     2 |       ||    79
       Spear             |       |   266 |    70 ||   336
Throw: Throwing net      |       |     3 |       ||     3
Invok: Ancestor Identity |       |     1 |       ||     1
       Recall Ancestor   |       |       |     1 ||     1
  Use: Scroll            |     5 |     3 |     2 ||    10
       Potion            |     1 |     4 |       ||     5
 Stab: Sleeping          |     2 |     2 |       ||     4
       Distracted        |       |     1 |       ||     1
  Eat: Chunk             |       |     7 |       ||     7
Armor: Leather armour    |    16 |    25 |    10 ||    51
Dodge: Dodged            |    52 |   136 |    78 ||   266
